[Event "ICC tourney 2250 (120 10)"]
[Site "Internet Chess Club"]
[Date "2020.12.27"]
[Round "3"]
[White "BlueJay01"]
[Black "Plato"]
[Result "1/2-1/2"]
[ICCResult "Game drawn by mutual agreement"]
[WhiteElo "2094"]
[BlackElo "2033"]
[Opening "English opening"]
[ECO "A20"]
[NIC "EO.24"]
[Time "12:02:43"]
[PlyCount "65"]
[TimeControl "7200+10"]

1. c4 e5 2. g3 Nf6 3. Bg2 h6 4. Nc3 Bb4 5. Nd5 Bc5 6. e3 Nc6 7. Ne2 d6 8.
O-O a5 9. b3 O-O 10. a3 Bf5 11. d4 Ba7 12. Bb2 Re8 13. Re1 Nxd5 14. cxd5
Nb8 15. Qd2 Nd7 16. Rac1 Nf6 17. dxe5 dxe5 18. Qc3 Nxd5 19. Qxa5 Nxe3 20.
Qxc7 Nxg2 21. Qxd8 Raxd8 22. Kxg2 Rd3 23. Nc3 Rd2 24. Re2 Red8 25. Rce1 f6
26. b4 Rc2 27. Rxc2 Bxc2 28. Re2 Bd3 29. Re1 Bc2 30. Re2 Bb3 31. f3 Bc4 32.
Rc2 Be3 33. Ne4 { Game drawn by mutual agreement } 1/2-1/2

[Event "ICC tourney 2250 (120 10)"]
[Site "Internet Chess Club"]
[Date "2020.12.27"]
[Round "3"]
[White "giorgibagaturov"]
[Black "shianen"]
[Result "1-0"]
[ICCResult "Black resigns"]
[WhiteElo "2481"]
[BlackElo "2195"]
[Opening "Queen's pawn game, Darooha variation "]
[ECO "D11"]
[NIC "QP.08"]
[Time "12:02:05"]
[PlyCount "167"]
[TimeControl "7200+10"]

1. d4 d5 2. Nf3 Nf6 3. c4 c6 4. Qc2 e6 5. Nbd2 Nbd7 6. g3 Bd6 7. Bg2 O-O 8.
O-O e5 9. cxd5 cxd5 10. dxe5 Nxe5 11. Nxe5 Bxe5 12. Nf3 Bd6 13. Be3 Be6 14.
Qa4 Qd7 15. Qxd7 Bxd7 16. Rfd1 Bc6 17. Nd4 Rfe8 18. Nf5 Be5 19. Bd4 Bxd4
20. Nxd4 Rac8 21. Rd3 Ne4 22. Bh3 Rcd8 23. Ra3 a6 24. Nxc6 bxc6 25. Rxa6
Rb8 26. f3 Nd2 27. Kf2 Rxb2 28. Bd7 Rd8 29. Bxc6 g6 30. Rd1 d4 31. Ke1 Nb1
32. Be4 Nc3 33. Rd2 Rdb8 34. Bd3 Rxd2 35. Kxd2 Rb2+ 36. Kc1 Rxa2 37. Rxa2
Nxa2+ 38. Kc2 Nb4+ 39. Kb3 Nd5 40. Kc4 Ne3+ 41. Kxd4 Nf1 42. e4 Nd2 43. Be2
Nb3+ 44. Kc4 Na5+ 45. Kd5 Nb7 46. Bc4 Kf8 47. Kc6 Na5+ 48. Kb5 Nb7 49. Kc6
Na5+ 50. Kd5 Nb7 51. Ba6 Nd8 52. Kd6 Ne6 53. f4 Nd4 54. Bc4 Nf3 55. h3 g5
56. Be2 Ng1 57. Bf1 gxf4 58. gxf4 Nf3 59. Be2 Ng1 60. Bg4 h5 61. Bc8 Ne2
62. Ke5 Ke7 63. Ba6 f6+ 64. Kf5 Ng3+ 65. Kg6 Nxe4 66. Kxh5 Kf7 67. Kh6 Nd6
68. Kh7 Nf5 69. Bc4+ Ke7 70. Kg8 Nh4 71. Kg7 Ng2 72. f5 Nh4 73. Be6 Nf3 74.
Bd5 Nd4 75. Be4 Ne2 76. Bf3 Ng3 77. Bg4 Ne4 78. h4 Kd6 79. h5 Ke5 80. h6
Ng5 81. h7 Nxh7 82. Kxh7 Kf4 83. Kg6 Kxg4 84. Kxf6 { Black resigns } 1-0

[Event "ICC tourney 2250 (120 10)"]
[Site "Internet Chess Club"]
[Date "2020.12.27"]
[Round "3"]
[White "superind"]
[Black "chiringuito"]
[Result "0-1"]
[ICCResult "White resigns"]
[WhiteElo "2710"]
[BlackElo "2485"]
[Opening "Caro-Kann: Goldman (Spielmann) variation"]
[ECO "B11"]
[NIC "CK.01"]
[Time "12:01:57"]
[PlyCount "126"]
[TimeControl "7200+10"]

1. e4 c6 2. Nc3 d5 3. Qf3 dxe4 4. Nxe4 Nf6 5. Bc4 e6 6. Ne2 Be7 7. d4 Nbd7
8. c3 O-O 9. Ng5 e5 10. Bd2 exd4 11. cxd4 Nb6 12. Bb3 h6 13. h4 Nbd5 14.
Qd3 Bb4 15. O-O-O Bxd2+ 16. Rxd2 Re8 17. Ng3 a5 18. a3 a4 19. Ba2 hxg5 20.
hxg5 Nf4 21. Qc2 N6d5 22. Qh7+ Kf8 23. Qh8+ Ke7 24. Qxg7 Be6 25. Bxd5 Nxd5
26. Rh7 Rh8 27. g6 Rxh7 28. gxh7 Qh8 29. Qg5+ Qf6 30. Qg8 Rf8 31. Ne4 Qh6
32. Nc5 b6 33. Nxa4 Nf6 34. h8=Q Qxh8 35. Qxh8 Rxh8 36. Nxb6 Kd6 37. Re2
Rh2 38. f3 Nh5 39. b4 Nf4 40. Rd2 Rxg2 41. Rxg2 Nxg2 42. Kd2 Nh4 43. Ke3
Bd5 44. Kf4 Ng2+ 45. Kg5 Ne3 46. a4 Bb3 47. a5 Kc7 48. Kf6 Nc2 49. Na8+ Kb7
50. Nb6 Nxd4 51. Nd7 Bd5 52. Nc5+ Ka7 53. f4 Nc2 54. Nd3 Ka6 55. Ke7 Kb5
56. a6 Kxa6 57. f5 Kb5 58. f6 Nxb4 59. Ne5 c5 60. Nxf7 Bxf7 61. Kxf7 Nd5
62. Ke6 Nxf6 63. Kxf6 c4 { White resigns } 0-1

[Event "ICC tourney 2250 (120 10)"]
[Site "Internet Chess Club"]
[Date "2020.12.27"]
[Round "3"]
[White "tejasrama"]
[Black "ChessKidA8"]
[Result "0-1"]
[ICCResult "White resigns"]
[WhiteElo "2293"]
[BlackElo "2123"]
[Opening "Queen's pawn game"]
[ECO "E10"]
[NIC "QI.01"]
[Time "12:01:55"]
[PlyCount "174"]
[TimeControl "7200+10"]

1. Nf3 Nf6 2. c4 e6 3. d4 d5 4. g3 dxc4 5. Qa4+ Bd7 6. Qxc4 Bc6 7. Bg2 Nbd7
8. O-O Be7 9. Rd1 Nb6 10. Qc2 Be4 11. Qb3 Bd5 12. Qc2 Be4 13. Qc3 Nbd5 14.
Qb3 Nb4 15. Ne1 Bxg2 16. Nxg2 O-O 17. Nc3 b6 18. e4 Qc8 19. Bg5 c5 20. e5
Nfd5 21. Bxe7 Nxe7 22. Ne4 Nbc6 23. dxc5 Nxe5 24. cxb6 axb6 25. Qxb6 Nd5
26. Qc5 Qa6 27. Ne1 Qe2 28. Nc3 Nxc3 29. Qxc3 Rfc8 30. Qd2 Qe4 31. Rac1 h6
32. Rxc8+ Rxc8 33. Rc1 Rxc1 34. Qxc1 g6 35. Qc8+ Kh7 36. Qc3 Qd5 37. a4 Nc6
38. Qf3 Qd7 39. Qd3 Qa7 40. b3 Qa5 41. Kf1 Qc7 42. Qc4 Qb7 43. Qb5 Qa8 44.
Nc2 Nd4 45. Nxd4 Qh1+ 46. Ke2 Qe4+ 47. Kf1 Qh1+ 48. Ke2 Qe4+ 49. Kd2 Qxd4+
50. Qd3 Qxf2+ 51. Kc3 e5 52. b4 Qe1+ 53. Qd2 Qa1+ 54. Kb3 e4 55. b5 Qg1 56.
Kc4 Qf1+ 57. Kd4 Qa1+ 58. Qc3 Qd1+ 59. Kc4 Qf1+ 60. Kd5 Qf3 61. Kd4 Qf6+
62. Kc4 Qf2 63. b6 Qxb6 64. Qd4 Qe6+ 65. Kc3 e3 66. Qd1 e2 67. Qe1 Qa2 68.
Kd3 Qxa4 69. Qxe2 Qa6+ 70. Ke3 Qxe2+ 71. Kxe2 f5 72. Ke3 Kg7 73. Kf4 Kf6
74. h4 g5+ 75. hxg5+ hxg5+ 76. Kf3 Ke5 77. Ke3 g4 78. Kd2 Kd4 79. Ke2 Ke4
80. Kf2 Kd3 81. Kg2 Ke3 82. Kg1 Kf3 83. Kh2 Kf2 84. Kh1 Kxg3 85. Kg1 Kf3
86. Kh1 Kf2 87. Kh2 g3+ { White resigns } 0-1

[Event "ICC tourney 2250 (120 10)"]
[Site "Internet Chess Club"]
[Date "2020.12.27"]
[Round "3"]
[White "tigeriz"]
[Black "schubakov"]
[Result "1-0"]
[ICCResult "Black resigns"]
[WhiteElo "2393"]
[BlackElo "2161"]
[Opening "Sicilian: Kan, Maróczy bind (Réti variation)"]
[ECO "B41"]
[NIC "SI.41"]
[Time "12:01:57"]
[PlyCount "115"]
[TimeControl "7200+10"]

1. e4 c5 2. Nf3 e6 3. d4 cxd4 4. Nxd4 a6 5. c4 Nf6 6. Nc3 Bb4 7. Qd3 O-O 8.
e5 Ne8 9. Be2 d6 10. exd6 Bxd6 11. O-O Nd7 12. Be3 Ne5 13. Qc2 b6 14. Ne4
Bb8 15. Rad1 Qc7 16. g3 Bb7 17. f4 Nd7 18. Bf3 Nef6 19. Qg2 Ra7 20. b3 Qc8
21. Nc6 Bxc6 22. Nxf6+ Nxf6 23. Bxc6 Rc7 24. Bf3 Ba7 25. Qf2 Qb8 26. Rc1
Rd8 27. Rfd1 Rcd7 28. Qe2 Qc7 29. Kg2 h6 30. a4 a5 31. Qb2 Rxd1 32. Rxd1
Rxd1 33. Bxd1 Qd6 34. Bf3 Nd7 35. Bd4 f6 36. Qc3 Nc5 37. Qe3 Nxb3 38. Qxb3
Qxd4 39. c5 Qxc5 40. Qxe6+ Kf8 41. Bd5 Qc7 42. Bb3 Bb8 43. Qg8+ Ke7 44.
Qxg7+ Ke8 45. Qxf6 Qb7+ 46. Kh3 Qh7 47. Kh4 Bc7 48. Kh5 Bd8 49. Qg6+ Qxg6+
50. Kxg6 Kf8 51. Kxh6 Bf6 52. Kg6 Bd4 53. g4 Be3 54. f5 Bd4 55. g5 Be5 56.
h4 Bg3 57. h5 Be5 58. h6 { Black resigns } 1-0

[Event "ICC tourney 2250 (120 10)"]
[Site "Internet Chess Club"]
[Date "2020.12.27"]
[Round "3"]
[White "helavir"]
[Black "hidedozyo"]
[Result "1-0"]
[ICCResult "Black resigns"]
[WhiteElo "2626"]
[BlackElo "2200"]
[Opening "Ruy Lopez: closed defense"]
[ECO "C84"]
[NIC "RL.13"]
[Time "12:02:23"]
[PlyCount "79"]
[TimeControl "7200+10"]

1. e4 e5 2. Nf3 Nc6 3. Bb5 a6 4. Ba4 Nf6 5. O-O Be7 6. d3 b5 7. Bb3 d6 8.
a4 Bd7 9. c3 O-O 10. Bc2 Na5 11. d4 exd4 12. cxd4 d5 13. e5 Ne4 14. Nbd2
bxa4 15. Nxe4 dxe4 16. Bxe4 Rb8 17. Rb1 Bb5 18. Re1 Nb3 19. Bf4 h6 20. d5
Bb4 21. Re3 Bc4 22. Bxh6 gxh6 23. Nd4 Rb6 24. d6 cxd6 25. e6 d5 26. Qh5
dxe4 27. Qxh6 Bxe6 28. Rg3+ Bg4 29. Rxg4+ Rg6 30. Rxg6+ fxg6 31. Qxg6+ Kh8
32. Ne6 Qe7 33. Nxf8 Qxf8 34. Qxe4 Bc5 35. Qh4+ Kg8 36. Rd1 Qe7 37. Qxa4
Nd2 38. Qg4+ Kh8 39. Qh5+ Kg8 40. Qd5+ { Black resigns } 1-0

[Event "ICC tourney 2250 (120 10)"]
[Site "Internet Chess Club"]
[Date "2020.12.27"]
[Round "3"]
[White "gmRohde"]
[Black "Gukesh"]
[Result "0-1"]
[ICCResult "White resigns"]
[WhiteElo "2440"]
[BlackElo "2642"]
[Opening "King's Indian: Petrosian system"]
[ECO "E92"]
[NIC "KI.17"]
[Time "12:02:00"]
[PlyCount "128"]
[TimeControl "7200+10"]

1. Nf3 Nf6 2. c4 g6 3. Nc3 Bg7 4. e4 d6 5. d4 O-O 6. Be2 e5 7. d5 Na6 8.
Nd2 c6 9. O-O c5 10. Nb3 Nd7 11. Bd2 Nc7 12. a3 f5 13. Nc1 f4 14. b4 b6 15.
Rb1 Nf6 16. Nd3 g5 17. g4 h5 18. h3 Bd7 19. f3 Qc8 20. Nf2 Rf7 21. bxc5
bxc5 22. Qb3 Bf8 23. Na2 Nce8 24. Kg2 Rh7 25. Rh1 Kh8 26. Rh2 Ng8 27. gxh5
Nef6 28. Ng4 Nxh5 29. Be1 Qd8 30. Nc1 Ne7 31. Nd3 Ng6 32. Rb2 Qe8 33. Bd1
Rc8 34. Kg1 Qd8 35. Qc3 Nh4 36. Bxh4 gxh4 37. Rb7 Be8 38. Rhb2 Rxb7 39.
Rxb7 Rb8 40. Qb2 Rxb7 41. Qxb7 Qe7 42. Qb8 Kg7 43. Nb2 Nf6 44. Kg2 Bg6 45.
Qc8 Nxg4 46. hxg4 h3+ 47. Kxh3 Qg5 48. Nd3 Be7 49. Qb7 Kh6 50. Nf2 Qh4+ 51.
Kg2 Qg3+ 52. Kf1 Bh4 53. Qb2 Qh2 54. Qe2 Be8 55. Bb3 Kg6 56. Bc2 Kg5 57.
Bd1 a5 58. a4 Bd7 59. Bb3 Bxf2 60. Qxf2 Qh1+ 61. Ke2 Qc1 62. Kd3 Qa3 63.
Kc2 Bxa4 64. Bxa4 Qa2+ { White resigns } 0-1

[Event "ICC tourney 2250 (120 10)"]
[Site "Internet Chess Club"]
[Date "2020.12.27"]
[Round "4"]
[White "mikolka1985"]
[Black "KRASAVCHIK"]
[Result "1/2-1/2"]
[ICCResult "Game drawn by repetition"]
[WhiteElo "2545"]
[BlackElo "2458"]
[Opening "Grünfeld: exchange, classical variation"]
[ECO "D87"]
[NIC "GI.05"]
[Time "17:18:10"]
[PlyCount "34"]
[TimeControl "7200+10"]

1. d4 Nf6 2. c4 g6 3. Nc3 d5 4. cxd5 Nxd5 5. e4 Nxc3 6. bxc3 Bg7 7. Bc4 c5
8. Ne2 Nc6 9. Be3 O-O 10. O-O Na5 11. Bb5 a6 12. Bd3 cxd4 13. cxd4 Nc6 14.
Bc2 Na5 15. Bd3 Nc6 16. Bc2 Na5 17. Bd3 Nc6 { Game drawn by repetition }
1/2-1/2

[Event "ICC tourney 2250 (120 10)"]
[Site "Internet Chess Club"]
[Date "2020.12.27"]
[Round "4"]
[White "Mookmookarmy"]
[Black "Chessking2008"]
[Result "1/2-1/2"]
[ICCResult "Game drawn by mutual agreement"]
[WhiteElo "2360"]
[BlackElo "2197"]
[Opening "Sicilian: Hungarian variation"]
[ECO "B27"]
[NIC "SI.43"]
[Time "17:17:34"]
[PlyCount "24"]
[TimeControl "7200+10"]

1. e4 c5 2. Nf3 g6 3. c3 Bg7 4. d4 cxd4 5. cxd4 d5 6. e5 Nc6 7. Nc3 Bg4 8.
Be3 a6 9. Qb3 Bxf3 10. gxf3 e6 11. Qxb7 Nge7 12. Qb3 O-O { Game drawn by
mutual agreement } 1/2-1/2

[Event "ICC tourney 2250 (120 10)"]
[Site "Internet Chess Club"]
[Date "2020.12.27"]
[Round "4"]
[White "nithin"]
[Black "RagingKnightNC"]
[Result "1-0"]
[ICCResult "Black resigns"]
[WhiteElo "2250"]
[BlackElo "2112"]
[Opening "King's Indian: fianchetto, Uhlmann (Szabo) variation"]
[ECO "E62"]
[NIC "KI.72"]
[Time "17:17:59"]
[PlyCount "47"]
[TimeControl "7200+10"]

1. Nf3 Nf6 2. c4 g6 3. g3 Bg7 4. d4 d6 5. Bg2 Nc6 6. O-O O-O 7. Nc3 e5 8.
dxe5 Nxe5 9. Nxe5 dxe5 10. Bg5 c6 11. Qxd8 Rxd8 12. Ne4 Nxe4 13. Bxd8 Nc5
14. Bg5 Be6 15. b3 f6 16. Be3 Na6 17. Rad1 Bf8 18. h3 Nb4 19. Rd2 Bf5 20.
Rfd1 Nc2 21. Rd8 Nxe3 22. fxe3 Bc8 23. Re8 Kf7 24. Rdd8 { Black resigns }
1-0

[Event "ICC tourney 2250 (120 10)"]
[Site "Internet Chess Club"]
[Date "2020.12.27"]
[Round "4"]
[White "mchessmaster"]
[Black "kpthomas"]
[Result "0-1"]
[ICCResult "White resigns"]
[WhiteElo "1976"]
[BlackElo "2113"]
[Opening "Sicilian: Najdorf"]
[ECO "B90"]
[NIC "SI.14"]
[Time "17:17:29"]
[PlyCount "44"]
[TimeControl "7200+10"]

1. e4 c5 2. Nf3 d6 3. d4 cxd4 4. Nxd4 Nf6 5. Nc3 a6 6. f3 e5 7. Nb3 Be6 8.
Be3 Be7 9. Be2 Nbd7 10. O-O O-O 11. f4 exf4 12. Bxf4 Qc7 13. Qd4 Ne5 14.
Nc5 Rac8 15. Nxe6 fxe6 16. Bxe5 dxe5 17. Qd3 Qb6+ 18. Kh1 Qxb2 19. Na4 Qxc2
20. Qxc2 Rxc2 21. Bd3 Rc6 22. Rac1 Rfc8 { White resigns } 0-1

[Event "ICC tourney 2250 (120 10)"]
[Site "Internet Chess Club"]
[Date "2020.12.27"]
[Round "4"]
[White "Drachekokosnuss"]
[Black "MBJPM"]
[Result "0-1"]
[ICCResult "White resigns"]
[WhiteElo "2100"]
[BlackElo "2337"]
[Opening "Ruy Lopez: closed, Bogolyubov variation"]
[ECO "C91"]
[NIC "RL.20"]
[Time "17:17:40"]
[PlyCount "87"]
[TimeControl "7200+10"]

1. e4 e5 2. Nf3 Nc6 3. Bb5 a6 4. Ba4 Nf6 5. O-O Be7 6. Re1 b5 7. Bb3 d6 8.
c3 O-O 9. d4 Bg4 10. Be3 exd4 11. cxd4 d5 12. e5 Ne4 13. Nc3 Nxc3 14. bxc3
Na5 15. Bc2 Bh5 16. h3 Nc4 17. Bc1 a5 18. g4 Bg6 19. Nd2 Nxd2 20. Bxd2 Ra6
21. f4 Bxc2 22. Qxc2 Bh4 23. Rf1 f5 24. gxf5 Qd7 25. e6 Qe8 26. Be1 Be7 27.
Bg3 Qh5 28. Qg2 Qxf5 29. Rae1 Rxe6 30. Re5 Rxe5 31. dxe5 c6 32. Kh2 Rd8 33.
Rf3 b4 34. cxb4 axb4 35. Bf2 c5 36. Be3 d4 37. Bd2 Bf8 38. Rg3 c4 39. Rg5
Qf7 40. f5 c3 41. Bf4 d3 42. f6 d2 43. e6 Qxf6 44. Be5 { White resigns }
0-1

[Event "ICC tourney 2250 (120 10)"]
[Site "Internet Chess Club"]
[Date "2020.12.27"]
[Round "4"]
[White "Gukesh"]
[Black "TjkTiger"]
[Result "1/2-1/2"]
[ICCResult "Game drawn by mutual agreement"]
[WhiteElo "2642"]
[BlackElo "2602"]
[Opening "Sicilian: accelerated fianchetto, Maróczy bind, 6.Be3"]
[ECO "B38"]
[NIC "EO.64"]
[Time "17:18:20"]
[PlyCount "45"]
[TimeControl "7200+10"]

1. c4 c5 2. Nf3 g6 3. d4 cxd4 4. Nxd4 Bg7 5. e4 Nc6 6. Be3 Qb6 7. Nb3 Qd8
8. Qd2 Nf6 9. Nc3 Ng4 10. Bf4 O-O 11. Be2 d6 12. O-O a5 13. Na4 Be6 14.
Rfd1 Nge5 15. Rdc1 Nd7 16. Be3 Rc8 17. Nd4 Nxd4 18. Bxd4 Bxd4 19. Qxd4 Nc5
20. Nc3 Qb6 21. Rc2 Na4 22. Qxb6 Nxb6 23. b3 { Game drawn by mutual
agreement } 1/2-1/2

[Event "ICC tourney 2250 (120 10)"]
[Site "Internet Chess Club"]
[Date "2020.12.27"]
[Round "4"]
[White "Chesslegend21"]
[Black "Bearbarion"]
[Result "1-0"]
[ICCResult "Black resigns"]
[WhiteElo "2132"]
[BlackElo "1921"]
[Opening "QGD Slav defense: exchange variation"]
[ECO "D10"]
[NIC "SL.01"]
[Time "17:17:42"]
[PlyCount "87"]
[TimeControl "7200+10"]

1. d4 d5 2. c4 c6 3. cxd5 cxd5 4. Nc3 Nf6 5. Bf4 Nc6 6. e3 a6 7. Bd3 Bg4 8.
Nf3 Rc8 9. O-O e6 10. Rc1 Bd6 11. Bxd6 Qxd6 12. h3 Bh5 13. Na4 O-O 14. Nc5
Rc7 15. Be2 a5 16. Qb3 b6 17. Nd3 Nd7 18. Nf4 Bxf3 19. Bxf3 Nxd4 20. exd4
Qxf4 21. Rc3 Rfc8 22. Rfc1 g6 23. Be2 Rxc3 24. Rxc3 Rc7 25. Qc2 Rxc3 26.
Qxc3 Nf6 27. Bf3 Kg7 28. g3 Qf5 29. Qb3 b5 30. Kg2 b4 31. Qe3 Qc2 32. Qe5
Qxb2 33. g4 h6 34. h4 Qxa2 35. g5 hxg5 36. hxg5 b3 37. gxf6+ Kh6 38. Qf4+
g5 39. Qh2+ Kg6 40. Bh5+ Kxf6 41. Qe5+ Ke7 42. Qc7+ Ke8 43. Bxf7+ Kf8 44.
Bxe6 { Black resigns } 1-0

[Event "ICC tourney 2250 (120 10)"]
[Site "Internet Chess Club"]
[Date "2020.12.27"]
[Round "4"]
[White "shianen"]
[Black "ShadowApt"]
[Result "1-0"]
[ICCResult "Black resigns"]
[WhiteElo "2195"]
[BlackElo "2105"]
[Opening "King's Indian: orthodox variation"]
[ECO "E94"]
[NIC "KI.15"]
[Time "17:17:31"]
[PlyCount "70"]
[TimeControl "7200+10"]

1. d4 Nf6 2. c4 g6 3. Nc3 Bg7 4. e4 d6 5. Nf3 O-O 6. Be2 e5 7. O-O Na6 8.
d5 Nc5 9. Qc2 a5 10. Bg5 Qe8 11. Nd2 Ng4 12. Bxg4 Bxg4 13. b3 f6 14. Be3 f5
15. f3 Bh5 16. a3 f4 17. Bf2 g5 18. h3 Bg6 19. b4 Nd7 20. c5 h5 21. cxd6
cxd6 22. Nb5 Rc8 23. Qd3 Qe7 24. Nc4 g4 25. Ncxd6 gxh3 26. gxh3 Rcd8 27.
Rac1 Bf6 28. Kh2 Bh4 29. Qd2 Kh7 30. Bxh4 Qxh4 31. Qf2 Qf6 32. Rc7 axb4 33.
Nxb7 bxa3 34. Nxd8 Qxd8 35. Rfc1 Rg8 { Black resigns } 1-0

[Event "ICC tourney 2250 (120 10)"]
[Site "Internet Chess Club"]
[Date "2020.12.27"]
[Round "4"]
[White "pangpangba"]
[Black "BlueJay01"]
[Result "0-1"]
[ICCResult "White resigns"]
[WhiteElo "1656"]
[BlackElo "2094"]
[Opening "Scotch: Mieses variation"]
[ECO "C45"]
[NIC "SO.04"]
[Time "17:17:37"]
[PlyCount "36"]
[TimeControl "7200+10"]

1. e4 e5 2. Nf3 Nc6 3. d4 exd4 4. Nxd4 Nf6 5. Nxc6 bxc6 6. e5 Qe7 7. Qe2
Nd5 8. c4 Ba6 9. b3 g6 10. Ba3 Nb4 11. Bxb4 Qxb4+ 12. Nd2 Bg7 13. Rd1 O-O
14. h4 Rae8 15. Qg4 Rxe5+ 16. Be2 f5 17. Qf3 Rfe8 18. h5 Qe7 { White
resigns } 0-1

[Event "ICC tourney 2250 (120 10)"]
[Site "Internet Chess Club"]
[Date "2020.12.27"]
[Round "4"]
[White "sathviks"]
[Black "tigeriz"]
[Result "1/2-1/2"]
[ICCResult "Game drawn by mutual agreement"]
[WhiteElo "2237"]
[BlackElo "2393"]
[Opening "Ruy Lopez: closed, Pilnik variation"]
[ECO "C90"]
[NIC "RL.19"]
[Time "17:18:11"]
[PlyCount "60"]
[TimeControl "7200+10"]

1. e4 e5 2. Nf3 Nc6 3. Bb5 a6 4. Ba4 Nf6 5. O-O Be7 6. Re1 b5 7. Bb3 d6 8.
c3 O-O 9. d3 Na5 10. Bc2 c5 11. Nbd2 Nc6 12. Nf1 Re8 13. Ng3 Bf8 14. h3 g6
15. Nh2 Bg7 16. f4 exf4 17. Bxf4 Be6 18. Nf3 d5 19. e5 Nd7 20. d4 Qb6 21.
Ne2 f6 22. exf6 Nxf6 23. Be3 Bxh3 24. dxc5 Qb7 25. Nf4 Be6 26. Bb3 Rad8 27.
Ng5 Bf7 28. Qf3 Ne5 29. Qd1 Nc6 30. Qf3 Ne5 { Game drawn by mutual
agreement } 1/2-1/2

[Event "ICC tourney 2250 (120 10)"]
[Site "Internet Chess Club"]
[Date "2020.12.27"]
[Round "4"]
[White "investigator"]
[Black "tejasrama"]
[Result "1/2-1/2"]
[ICCResult "Game drawn by mutual agreement"]
[WhiteElo "2106"]
[BlackElo "2293"]
[Opening "English opening"]
[ECO "A20"]
[NIC "EO.24"]
[Time "17:17:32"]
[PlyCount "83"]
[TimeControl "7200+10"]

1. c4 e5 2. g3 Nf6 3. Bg2 Nc6 4. Nc3 Bb4 5. Nd5 Nxd5 6. cxd5 Ne7 7. a3 Ba5
8. b4 Bb6 9. Bb2 d6 10. d4 exd4 11. Bxd4 Bxd4 12. Qxd4 O-O 13. Nf3 Ng6 14.
O-O Re8 15. Rae1 Bd7 16. Qc3 Rc8 17. Nd4 f5 18. f4 Qf6 19. Qd3 Ne7 20. e4
fxe4 21. Bxe4 h6 22. f5 c6 23. Ne6 Kh8 24. dxc6 Nxc6 25. Qxd6 Bxe6 26. fxe6
Rcd8 27. Bxc6 Rxd6 28. Rxf6 Rxc6 29. Rf7 Rcxe6 30. Rxe6 Rxe6 31. Rxb7 Ra6
32. b5 Rxa3 33. b6 axb6 34. Rxb6 Ra2 35. Rc6 Kg8 36. Rc7 Kh7 37. Rc6 h5 38.
Rb6 g6 39. h4 Kg7 40. Rc6 Kf7 41. Rb6 Re2 42. Kf1 { Game drawn by mutual
agreement } 1/2-1/2

[Event "ICC tourney 2250 (120 10)"]
[Site "Internet Chess Club"]
[Date "2020.12.27"]
[Round "4"]
[White "chiringuito"]
[Black "jsl1996"]
[Result "1/2-1/2"]
[ICCResult "Game drawn by mutual agreement"]
[WhiteElo "2485"]
[BlackElo "2643"]
[Opening "Nimzo-Indian: 4.e3, Gligoric system with 7...dc"]
[ECO "E54"]
[NIC "NI.06"]
[Time "17:17:30"]
[PlyCount "48"]
[TimeControl "7200+10"]

1. d4 Nf6 2. c4 e6 3. Nf3 d5 4. Nc3 Bb4 5. e3 O-O 6. Bd3 dxc4 7. Bxc4 c5 8.
O-O cxd4 9. exd4 Nc6 10. Bd3 b6 11. a3 Bxc3 12. bxc3 Bb7 13. Bg5 Ne7 14.
Re1 Ng6 15. a4 Qc7 16. c4 Rfd8 17. Bxg6 hxg6 18. Ne5 Re8 19. a5 Rac8 20.
axb6 axb6 21. Qb3 Nd7 22. Nxd7 Qxd7 23. Ra7 Qc6 24. f3 Ra8 { Game drawn by
mutual agreement } 1/2-1/2

[Event "ICC tourney 2250 (120 10)"]
[Site "Internet Chess Club"]
[Date "2020.12.27"]
[Round "4"]
[White "NightMovesTN"]
[Black "Buffalo09"]
[Result "1-0"]
[ICCResult "Black resigns"]
[WhiteElo "2398"]
[BlackElo "2256"]
[Opening "English opening"]
[ECO "A05"]
[NIC "QP.11"]
[Time "17:17:34"]
[PlyCount "91"]
[TimeControl "7200+10"]

1. Nf3 Nf6 2. c4 e6 3. g3 b6 4. Bg2 Bb7 5. O-O Be7 6. Nc3 O-O 7. Re1 d6 8.
d4 Ne4 9. Qc2 Nxc3 10. Ng5 Bxg5 11. Bxb7 Nxe2+ 12. Rxe2 Bxc1 13. Bxa8 Bg5
14. Be4 h6 15. b4 Nd7 16. Rd1 Be7 17. Qa4 Nf6 18. Bg2 d5 19. cxd5 Nxd5 20.
Bxd5 Qxd5 21. Qxa7 Qf3 22. Qa6 Bxb4 23. Qd3 Qxd3 24. Rxd3 Rd8 25. Ree3 Kf8
26. Kf1 Rd5 27. Ke2 Ke7 28. Re5 Kd6 29. a3 Ba5 30. Rxd5+ Kxd5 31. Rf3 f6
32. Kd3 b5 33. Rf4 c6 34. Rh4 Bd8 35. Rh5+ Kd6 36. g4 Be7 37. Ke4 Kc7 38.
Rh3 Kb6 39. f4 Bd6 40. Re3 Kc7 41. h4 Be7 42. f5 Kd7 43. fxe6+ Kxe6 44.
Kf4+ Kd7 45. Kf5 g5 46. h5 { Black resigns } 1-0

[Event "ICC tourney 2250 (120 10)"]
[Site "Internet Chess Club"]
[Date "2020.12.27"]
[Round "4"]
[White "lmperatorX"]
[Black "Adhvaith0406"]
[Result "1-0"]
[ICCResult "Black resigns"]
[WhiteElo "2118"]
[BlackElo "2033"]
[Opening "Giuoco Piano"]
[ECO "C54"]
[NIC "IG.02"]
[Time "17:17:38"]
[PlyCount "105"]
[TimeControl "7200+10"]

1. e4 e5 2. Nf3 Nc6 3. Bc4 Bc5 4. c3 Nf6 5. d3 d6 6. O-O O-O 7. Nbd2 a6 8.
a4 Be6 9. Re1 Ng4 10. Re2 Bxc4 11. Nxc4 b5 12. Ne3 Nxe3 13. Bxe3 Bxe3 14.
Rxe3 b4 15. d4 bxc3 16. bxc3 exd4 17. cxd4 a5 18. Rc1 Nb4 19. d5 Re8 20.
Nd4 g6 21. Qe2 Qd7 22. Qb5 Red8 23. Qxd7 Rxd7 24. Nb5 Rc8 25. Na7 Ra8 26.
Nb5 Rc8 27. f3 f6 28. Rc4 Na6 29. Nd4 Nc5 30. Nb3 Nb7 31. Rec3 Kf7 32. Rc6
Ke7 33. Ra6 Kd8 34. Ra7 Rb8 35. Nd4 Nc5 36. Nc6+ Kc8 37. Nxb8 Kxb8 38. Rxa5
Re7 39. Rc4 Re5 40. Rb4+ Kc8 41. Ra8+ Kd7 42. a5 f5 43. a6 fxe4 44. a7 exf3
45. Rd8+ Kxd8 46. a8=Q+ Ke7 47. gxf3 Re1+ 48. Kg2 Re2+ 49. Kf1 Rxh2 50. Rf4
Rh1+ 51. Kg2 Re1 52. Qf8+ Kd7 53. Rf7+ { Black resigns } 1-0

[Event "ICC tourney 2250 (120 10)"]
[Site "Internet Chess Club"]
[Date "2020.12.27"]
[Round "4"]
[White "Plato"]
[Black "wolfchess1"]
[Result "0-1"]
[ICCResult "White checkmated"]
[WhiteElo "2033"]
[BlackElo "2077"]
[Opening "Robatsch defense: two knights variation"]
[ECO "B06"]
[NIC "KF.05"]
[Time "17:18:20"]
[PlyCount "82"]
[TimeControl "7200+10"]

1. e4 g6 2. d4 Bg7 3. Nc3 d6 4. Nf3 a6 5. a4 b6 6. Be3 Bb7 7. h3 Nd7 8. Qd2
c5 9. d5 Qc7 10. Bc4 h6 11. O-O Ngf6 12. Bf4 g5 13. Bh2 g4 14. hxg4 Nxg4
15. Bg3 h5 16. Nh4 Nde5 17. Be2 Nh6 18. f4 Neg4 19. e5 dxe5 20. f5 O-O-O
21. Bc4 e6 22. fxe6 fxe6 23. Qe2 exd5 24. Bxa6 d4 25. Bxb7+ Qxb7 26. a5
dxc3 27. a6 Qc6 28. a7 Kb7 29. bxc3 Ka8 30. Rfb1 Rd6 31. Ra6 Qb7 32. Nf3
Nf5 33. Bf2 Nxf2 34. Kxf2 e4 35. Ng5 Rd2 36. Qxd2 e3+ 37. Qxe3 Nxe3 38.
Rbxb6 Qxg2+ 39. Kxe3 Qxg5+ 40. Ke4 Re8+ 41. Kd3 Qd5# { White checkmated }
0-1

[Event "ICC tourney 2250 (120 10)"]
[Site "Internet Chess Club"]
[Date "2020.12.27"]
[Round "4"]
[White "RajeshCS"]
[Black "superind"]
[Result "1/2-1/2"]
[ICCResult "Game drawn by mutual agreement"]
[WhiteElo "2310"]
[BlackElo "2710"]
[Opening "English opening"]
[ECO "A15"]
[NIC "EO.64"]
[Time "17:17:44"]
[PlyCount "67"]
[TimeControl "7200+10"]

1. c4 Nf6 2. Nf3 g6 3. g3 Bg7 4. Bg2 O-O 5. Nc3 d6 6. O-O e5 7. d3 Nc6 8.
Bg5 h6 9. Bxf6 Bxf6 10. Rb1 a5 11. a3 Bg7 12. b4 axb4 13. axb4 Nd4 14. b5
Ra3 15. Nd5 Re8 16. e3 Ne6 17. Qc1 Ra8 18. Nd2 f5 19. Nb3 Bd7 20. Nb4 Ra4
21. Qd2 Qa8 22. Nd5 Qd8 23. Nb4 Qc8 24. Nd5 Kh8 25. Na5 Qa8 26. Nxb7 Ra2
27. Qd1 Qxb7 28. Nb4 Qa7 29. Nxa2 Qxa2 30. Ra1 Qb2 31. Qb1 Qe2 32. Qd1 Qb2
33. Qb1 Qe2 34. Qd1 { Game drawn by mutual agreement } 1/2-1/2